 Dungeon Crawl Stone Soup version 0.30-a0-415-g685d318daa (webtiles) character file.

Game seed: 5432884185689012010

3832 Emberiza the Severer (level 9, -10/70 HPs)
             Began as a Minotaur Berserker on Dec 8, 2022.
             Was a Priest of Trog.
             Shot with an arrow by a centaur warrior (18 damage)
             ... on level 8 of the Dungeon.
             The game lasted 00:12:40 (8119 turns).

Emberiza the Severer (Minotaur Berserker)           Turns: 8119, Time: 00:12:41

Health: -10/70     AC: 22    Str: 26    XL:     9   Next: 98%
Magic:  0/8        EV:  7    Int:  4    God:    Trog [***...]
Gold:   363        SH:  3    Dex: 10    Spells: 8/8 levels left

rFire   + . .      SeeInvis +    K - +1 hand axe (freeze)
rCold   . . .      Faith    .    m - +0 buckler
rNeg    . . .      Spirit   +    A - +0 plate armour
rPois   .          Reflect  .    (helmet restricted)
rElec   .          Harm     .    j - +2 cloak of Fortitude {rF+ Stlth+}
rCorr   .          Rampage  .    u - +2 pair of gloves
Will    ++...                    z - +0 pair of boots
Stlth   ..........               h - amulet of guardian spirit
HPRegen 1.31/turn                w - ring of see invisible
MPRegen 0.11/turn                G - +4 ring of protection

@: strong-willed, on berserk cooldown, regenerating, slowed, studying
Evocations, very slow
A: horns 2, retaliatory headbutt
a: Renounce Religion, Berserk, Trog's Hand


You were on level 8 of the Dungeon.
You worshipped Trog.
Trog was most pleased with you.
You visited 1 branch of the dungeon, and saw 8 of its levels.

You collected 538 gold pieces.
You spent 175 gold pieces at shops.

Inventory:

Hand Weapons
 a - a +0 hand axe
 x - a +0 hand axe of flaming
 K - a +1 hand axe of freezing (weapon)
Missiles
 p - 17 poisoned darts (quivered)
Armour
 j - the +2 cloak of Fortitude (worn) {rF+ Stlth+}
   (You found it on level 2 of the Dungeon)

   rF:        It protects you from fire.
   Stlth:     It makes you more stealthy.
 m - a +0 buckler (worn)
 u - a +2 pair of gloves (worn)
 z - a +0 pair of boots (worn)
 A - a +0 plate armour (worn)
Jewellery
 h - an amulet of guardian spirit (around neck)
 w - a ring of see invisible (left hand)
 C - a ring of ice
 E - a ring of magical power
 G - a +4 ring of protection (right hand)
Wands
 b - a wand of flame (32)
 s - a wand of paralysis (18)
 J - a wand of mindburst (23)
 L - a wand of light (12)
Scrolls
 d - 3 scrolls of teleportation
 i - a scroll of poison
 n - 3 scrolls of magic mapping
 o - a scroll of brand weapon
 t - 3 scrolls of blinking
 y - a scroll of butterflies
 F - a scroll of enchant armour {unknown}
 H - a scroll of fear {unknown}
 I - a scroll of identify
Potions
 c - a potion of berserk rage
 e - a potion of brilliance
 f - a potion of cancellation
 g - 3 potions of heal wounds
 k - a potion of resistance
 l - 5 potions of curing
 q - 2 potions of attraction
 r - 4 potions of might
 v - a potion of lignification
 B - a potion of ambrosia {unknown}
 D - 3 potions of flight {unknown}


   Skills:
 - Level 3.6 Fighting
 * Level 17.0 Axes
 - Level 2.4 Armour
 - Level 2.1 Dodging


You had 8 spell levels left.
You didn't know any spells.
Your spell library was empty.

Dungeon Overview and Level Annotations

Branches:
Dungeon (8/15)             Temple (0/1) D:7
   Lair: D:8-11

Altars:
Ashenzari
Elyvilon
Ru
Yredelemnul

Shops:
D:2 =(=*:   D:5 !!*(   D:6 (   D:8 *

Annotations:
D:8 3 runed translucent doors


Innate Abilities, Weirdness & Mutations

You have a pair of horns on your head.
You reflexively headbutt those who attack you in melee.


Message History

You are no longer berserk.
You are exhausted.
You feel as though you will be slow longer.
The centaur warrior wields a +1 vorpal longbow.
The centaur warrior shoots an arrow.
The arrow hits you!!
Your Axes skill increases to level 17!
Found a thin glowing staff and a blackened cabochon ring.
The centaur warrior unwields a +1 vorpal longbow.
The centaur warrior hits you!
* * * LOW HITPOINT WARNING * * *
The centaur warrior kicks you but does no damage.
The centaur warrior hits you but does no damage.
The centaur warrior kicks you but does no damage.
You slash the centaur warrior! You freeze the centaur warrior.
The centaur warrior is moderately wounded.
The centaur warrior hits you but does no damage.
You block the centaur warrior's attack.
The centaur warrior wields a +1 vorpal longbow.
The centaur warrior shoots an arrow.
The arrow hits you but does no damage.
The centaur warrior shoots an arrow.
The arrow hits you.
* * * LOW HITPOINT WARNING * * *
x2 Your skin crawls.
You feel strong-willed.
The centaur warrior shoots an arrow.
The arrow hits you!
* * * LOW HITPOINT WARNING * * *
x2 The centaur warrior shoots an arrow.
The arrow hits you but does no damage.
The centaur warrior shoots an arrow.
The arrow hits you but does no damage.
The centaur warrior shoots an arrow.
The arrow hits you but does no damage.
The centaur warrior shoots an arrow.
The arrow hits you!
* * * LOW HITPOINT WARNING * * *
x2
Okay, then.
The eight-headed hydra roars!
The centaur warrior shoots an arrow.
The arrow closely misses you.
The centaur warrior shoots an arrow.
The arrow hits you.
* * * LOW HITPOINT WARNING * * *
x2 The centaur warrior shoots an arrow.
The arrow completely misses you.
The centaur warrior shoots an arrow.
You block the arrow.
The centaur warrior shoots an arrow.
The arrow hits you but does no damage.
The centaur warrior shoots an arrow.
The arrow hits you!!
You die...

....#.##.#.......................
......##.#......#.#.#.#########..
))................#.##.........#.
.))..............##)##.#.#.#.#.#.
)##....#.........#.#[##.#.#.#.##.
................##)#.##.......#..
#.#.#.#.........#.###.##.....##.#
#............#.##.# #.##.#.#.#..#
#........>..#..#@## ##.##.#.##...
...##.####..#.##.# #.##...#...#
##.##.# #....#.## ##.##.##.#.#
#.##.# #.#.##.# #.##.#....#
##....####.#.#.#.# ##.#.#.##.#
.............#c##.#######.##.##.#
##....#.##..##l# #.+Due+.##..##.#
#....#.##..##.#####KoD####.....#
#....#.##.###J## ##CVo# #...##.#


You could see a centaur warrior and a komodo dragon.

Vanquished Creatures
  An unseen horror (D:8)
  A yak (D:4)
  A wyvern (D:4)
  2 wraiths (D:8)
  2 steam dragons
  2 water moccasins
  An orc warrior (D:8)
  An ice beast (D:6)
  2 sky beasts (D:8)
  2 black bears
  2 ogres
  A centaur (D:7)
  A phantom (D:4)
  2 kobold brigands (D:8)
  Blork the orc (D:4)
  3 necrophages
  4 bullfrogs
  A wight (D:8)
  A killer bee (D:4)
  A howler monkey (D:6)
  2 hounds
  4 jellies
  A gnoll bouda (D:5)
  3 orc priests
  4 iguanas
  Jessica (D:3)
  Ijyb (D:3)
  6 orc wizards
  5 gnolls (D:5)
  7 adders
  A shadow imp (D:6)
  A white imp (D:6)
  A worm (D:4)
  4 dart slugs
  24 orcs
  6 endoplasms
  A giant cockroach (D:4)
  5 goblins
  4 hobgoblins
  A quokka (D:4)
  15 ball pythons
  8 bats
  3 frilled lizards (D:1)
  16 kobolds
  6 rats
162 creatures vanquished.

Vanquished Creatures (others)
  5 fungi (D:2)
  2 plants (D:2)
7 creatures vanquished.

Grand Total: 169 creatures vanquished

Notes
Turn   | Place    | Note
-------+----------+-------------------------------------------
     0 | D:1      | Emberiza the Minotaur Berserker began the quest for the
                  | Orb.
     0 | D:1      | Reached XP level 1. HP: 19/19 MP: 0/0
   250 | D:1      | Reached skill level 4 in Axes
   288 | D:1      | Reached XP level 2. HP: 26/26 MP: 1/1
   839 | D:2      | Identified the +2 cloak of Fortitude {rF+ Stlth+}
   863 | D:2      | Found Qonwegg's Antique Weapon Shoppe.
   867 | D:2      | Found Ruficej's Jewellery Boutique.
   879 | D:2      | Reached ** piety under Trog
   880 | D:2      | Reached skill level 5 in Axes
   880 | D:2      | Reached XP level 3. HP: 31/31 MP: 2/2
  1039 | D:2      | Found Hutacyhu's Book Emporium.
  1058 | D:2      | Found Aruomo Lezxo's General Store.
  1061 | D:2      | Bought a +0 buckler for 45 gold pieces
  1174 | D:2      | Found a faded altar of an unknown god.
  1274 | D:2      | Found Agirerisu's Jewellery Shoppe.
  1474 | D:3      | Reached skill level 6 in Axes
  1474 | D:3      | Reached XP level 4. HP: 39/39 MP: 3/3
  2146 | D:3      | Noticed Ijyb
  2151 | D:3      | Paralysed by Ijyb for 2 turns
  2155 | D:3      | Paralysed by Ijyb for 2 turns
  2159 | D:3      | Killed Ijyb
  2160 | D:3      | Reached XP level 5. HP: 45/45 MP: 4/4
  2184 | D:3      | Reached skill level 7 in Axes
  2578 | D:3      | Found a broken altar of Ashenzari.
  2704 | D:3      | Noticed Jessica
  2710 | D:3      | Killed Jessica
  3000 | D:4      | Noticed a wyvern
  3001 | D:4      | Noticed an ogre
  3006 | D:4      | Killed an ogre
  3007 | D:4      | Reached skill level 8 in Axes
  3008 | D:4      | Reached XP level 6. HP: 51/51 MP: 5/5
  3012 | D:4      | Killed a wyvern
  3013 | D:4      | Reached skill level 9 in Axes
  3013 | D:4      | Reached XP level 7. HP: 42/57 MP: 6/6
  3422 | D:4      | Noticed a yak
  3431 | D:4      | Killed a yak
  3432 | D:4      | Reached skill level 10 in Axes
  3538 | D:4      | Reached skill level 11 in Axes
  3636 | D:4      | Noticed Blork the orc
  3654 | D:4      | Killed Blork the orc
  3846 | D:4      | Reached XP level 8. HP: 58/64 MP: 7/7
  4050 | D:5      | Entered Level 5 of the Dungeon
  4100 | D:5      | Found a white marble altar of Elyvilon.
  4121 | D:5      | Reached skill level 12 in Axes
  4192 | D:5      | Found Vuneyrae's Distillery.
  4210 | D:5      | Bought a potion of heal wounds for 50 gold pieces
  4210 | D:5      | Bought a potion of heal wounds for 50 gold pieces
  4210 | D:5      | Bought a potion of curing for 30 gold pieces
  4280 | D:5      | Found Nibuiz's General Store.
  4308 | D:5      | Found Escharr's Distillery.
  5011 | D:5      | Found Koifil's Weapon Boutique.
  5034 | D:5      | Reached *** piety under Trog
  5093 | D:5      | Reached skill level 13 in Axes
  5303 | D:6      | Found a basalt altar of Yredelemnul.
  5563 | D:6      | Reached skill level 14 in Axes
  6155 | D:6      | Reached XP level 9. HP: 70/70 MP: 8/8
  6348 | D:6      | Found Jimovvil's Weapon Shoppe.
  6765 | D:7      | Reached skill level 15 in Axes
  6822 | D:7      | Found a sacrificial altar of Ru.
  7100 | D:7      | Found a staircase to the Ecumenical Temple.
  7864 | D:8      | Reached skill level 16 in Axes
  7896 | D:8      | Found Jore's General Store.
  8064 | D:8      | Found a runed translucent door.
  8064 | D:8      | Found a runed translucent door.
  8064 | D:8      | Found a runed translucent door.
  8064 | D:8      | Noticed a brown ugly thing
  8064 | D:8      | Noticed a deep elf pyromancer
  8064 | D:8      | Noticed an eight-headed hydra
  8064 | D:8      | Noticed a deep elf pyromancer
  8064 | D:8      | Noticed a cyclops
  8091 | D:8      | Noticed an unseen horror
  8095 | D:8      | Killed an unseen horror
  8096 | D:8      | Noticed a komodo dragon
  8096 | D:8      | Noticed a centaur warrior
  8109 | D:8      | Noticed a cyclops
  8111 | D:8      | Reached skill level 17 in Axes
  8119 | D:8      | Shot with an arrow by a centaur warrior

Illustrated notes

Levels and vault maps discovered:
D:1:      minmay_arrival_stair_chambers, layout_basic
D:2:      layout_rooms, serial_shops, nicolae_lakefront_shop,
          nicolae_shop_stone, shop, nicolae_shop_behind_doors, shop,
          shapermc_ecumenical_altar_mp_urbaneastern
D:3:      layout_loops_ring, mainiacjoe_overflow_surrounded_room, uniq_ijyb,
          uniq_jessica
D:4:      layout_basic, minmay_manual_macuahuitl, uniq_blork_the_orc
D:5:      layout_basic, elyvilon_altar_5, serial_shops,
          nicolae_shop_advertising_works [nicolae_subvault_shop_adworks], shop,
          shop, nicolae_shop_bloodbath_and_beyond
D:6:      layout_basic, mainiacjoe_overflow_brackets, serial_shops,
          kennysheep_little_box
D:7:      layout_rooms, nicolae_ru_sacrificial_ziggurat,
          minmay_temple_entry_offerings, nicolae_sextant
D:8:      minmay_the_grid_triangle_9x9_rhombus_thin
          [minmay_the_grid_triangle_9x9_fully_insulated_deathbox,
          minmay_the_grid_triangle_9x9_prize_insulated,
          minmay_the_grid_triangle_9x9_zippers_horizontal,
          minmay_the_grid_triangle_9x9_thin_v], layout_basic, serial_shops, shop

Skill      XL: |  1  2  3  4  5  6  7  8  9 |
---------------+----------------------------+-----
Axes           | 4 5 6 8 9 11 14 17 | 17.0
Fighting       | |  3.6
Armour         | |  2.4
Dodging        | |  2.1

Action                   |  1- 3 |  4- 6 |  7- 9 || total
-------------------------+-------+-------+-------++-------
Melee: Hand axe          |    66 |    52 |   291 ||   409
       Headbutt          |     8 |     5 |    53 ||    66
       Punch             |     2 |       |       ||     2
Invok: Berserk           |     1 |     2 |     6 ||     9
       Trog's Hand       |       |       |     4 ||     4
  Use: Scroll            |     4 |     4 |     8 ||    16
       Potion            |       |       |     1 ||     1
 Stab: Sleeping          |       |       |     1 ||     1
Armor: Ring mail         |    12 |    14 |    31 ||    57
       Chain mail        |    30 |    23 |       ||    53
       Plate armour      |       |       |   139 ||   139
Dodge: Dodged            |    31 |    31 |    73 ||   135
Block: Buckler           |     1 |     5 |    31 ||    37

Table legend: (Time is in decaauts)
 A = Elapsed time spent in this place.
 B = Non-inter-level travel time spent in this place.
 C = Inter-level travel time spent in this place.
 D = Time resting spent in this place.
 E = Time spent auto-exploring this place.
 F = Levels seen in this place.
 G = Mean time per level.
                   A        B        C        D        E       F      G
               +--------+--------+--------+--------+--------+-----+--------+
         Total |   8124 |   7814 |    310 |   2400 |   4237 |   8 | 1015.5 |
       Dungeon |   8124 |   7814 |    310 |   2400 |   4237 |   8 | 1015.5 |
               +--------+--------+--------+--------+--------+-----+--------+

Top non-repeatable levels by time:
     D:3: 1571 daAuts
     D:6: 1404 daAuts
     D:5: 1188 daAuts
     D:4: 1147 daAuts
     D:8: 960 daAuts
     D:1: 820 daAuts
     D:2: 541 daAuts
     D:7: 490 daAuts
